 Dungeon Crawl Stone Soup version 0.21.0-3-g78d12a8 (webtiles) character file.

1499 letownia2 the Grappler (level 8, 52/52 HPs)
             Began as a Gargoyle Fighter on Jan 8, 2018.
             Quit the game in the Ecumenical Temple.
             The game lasted 00:08:56 (4622 turns).

letownia2 the Grappler (Gargoyle Fighter)           Turns: 4622, Time: 00:08:56

Health: 52/52      AC: 17    Str: 20    XL:     8   Next: 81%
Magic:  9/9        EV:  7    Int: 11    God:
Gold:   345        SH:  5    Dex:  9    Spells: 8/8 levels left

rFire    + . .     SeeInvis .     - Unarmed
rCold    . . .     Gourm    .   p - +1 buckler {rF+}
rNeg     + . .     Faith    .   f - +3 chain mail {rPois}
rPois    ∞         Spirit   +   (no helmet)
rElec    +         Reflect  .   (no cloak)
rCorr    .         Harm     .   (no gloves)
MR       +....     Rnd*Tele +   (no boots)
Stlth    ..........             y - amulet of guardian spirit
HPRegen  0.17/turn              g - ring of protection from magic
MPRegen  0.11/turn              s - ring of teleportation (curse)

@: no status effects
A: negative energy resistance 1, electricity resistance, unbreathing,
petrification resistance, rot immunity, AC +5
a: no special abilities


You were in the Ecumenical Temple.
You were not hungry.

You visited 2 branches of the dungeon, and saw 8 of its levels.

You collected 345 gold pieces.

Inventory:

Hand Weapons
 v - a +1 shortbow of freezing
Missiles
 w - 52 arrows
 A - 8 curare-tipped needles
Armour
 a - a +0 scale mail
 b - a +0 shield
 f - a +3 chain mail of poison resistance (worn)
 p - a +1 buckler of fire resistance (worn)
Jewellery
 g - a ring of protection from magic (left hand)
 q - an uncursed ring of protection from magic
 s - a cursed ring of teleportation (right hand)
 y - an amulet of guardian spirit (around neck)
Wands
 k - a wand of disintegration (1)
Scrolls
 e - 6 scrolls of identify {unknown}
 h - 3 scrolls of enchant armour {unknown}
 j - 2 scrolls of immolation {unknown}
 l - 2 scrolls of blinking {unknown}
 m - a scroll of teleportation {unknown}
 t - 4 scrolls of remove curse {unknown}
 B - a scroll of enchant weapon {unknown}
Potions
 c - a potion of might
 i - a potion of degeneration {unknown}
 n - 2 potions of lignification {unknown}
 o - a potion of heal wounds {unknown}
 r - a potion of curing {unknown}
 x - a potion of brilliance {unknown}
 z - 2 potions of haste
Comestibles
 d - 6 rations
 u - 7 chunks of flesh


   Skills:
 - Level 6.4 Fighting
 + Level 3.5 Armour
 + Level 0.5 Dodging
 - Level 4.3 Shields
 - Level 9.0 Unarmed Combat
 + Level 0.7 Spellcasting


You had 8 spell levels left.
You didn't know any spells.

Dungeon Overview and Level Annotations

Branches:
Dungeon (7/15)             Temple (1/1) D:7

Altars:
Ashenzari
Cheibriados
Dithmenos
Elyvilon
Fedhas
Hepliaklqana
Makhleb
Okawaru
Ru
Uskayaw
Vehumet
Xom
Yredelemnul
Zin
The Shining One

Shops:
D:4 *   D:5 :

Annotations:
D:5 Grinder
D:7 Dowan, Duvessa


Innate Abilities, Weirdness & Mutations

You are resistant to torment.
Your stone body is resilient. (AC +5)
You are immune to poison.
You resist negative energy. (rN+)
You are resistant to electric shocks. (rElec)
You can survive without breathing.
You are immune to petrification.
You are immune to rotting.


Message History

Wear which item? (? for menu, Esc to quit)
Okay, then.
You closely miss the orc. You punch the orc!
You kill the orc!
No target in view!
No target in view!
Wear which item? (? for menu, Esc to quit)
You start removing your armour.
You continue taking off your +0 scale mail. x4
You finish taking off your +0 scale mail.
You start putting on your armour.
You continue putting on your glowing chain mail. x5
You finish putting on your +3 chain mail of poison resistance.
Unknown command.
You see here an orc corpse.
You butcher the orc corpse.
u - 7 chunks of flesh (gained 4)
Okay, then.
Are you sure you want to abandon this character and quit the game? (Confirm with "yes".)

#####._......._.#####
#...#...#####...#...# ##
#.⌠....##...##....⌠.# ###
...#...#####._.#####...#...#
._....##...........##...._.#
...#...#.⌠.#####.⌠.#...#...#
## #._.....#...#....._.# ###
#...##.##._.##.##...#
#####...#...#@..#####
#._......._.# #...##.##...#
#####...##### #.<.# #...#
#####


There were no monsters in sight!

Vanquished Creatures
  An ice beast (D:6)
  An orc warrior (D:6)
  A sky beast (D:5)
  A phantom (D:5)
  A centaur (D:7)
  Blork the orc (D:6)
  2 bullfrogs (D:6)
  A gnoll sergeant (D:5)
  A scorpion (D:6)
  2 howler monkeys (D:4)
  A crimson imp (D:6)
  A bullfrog zombie (D:5)
  4 hounds
  A bullfrog skeleton (D:5)
  2 jellies
  An orc priest (D:5)
  4 orc wizards
  Ijyb (D:5)
  A worker ant (D:4)
  2 hound skeletons (D:5)
  A worker ant zombie (D:7)
  A howler monkey skeleton (D:5)
  An adder (D:7)
  6 gnolls
  A shadow imp (D:5)
  An adder skeleton (D:4)
  3 worms
  5 leopard geckos
  19 orcs
  6 giant cockroaches
  5 goblins
  4 hobgoblins
  2 jackals (D:5)
  6 kobolds
  3 quokkas
  5 bats
  3 frilled lizards
  A quokka skeleton (D:4)
  2 rats
105 creatures vanquished.

Notes
Turn   | Place    | Note
-------+----------+-------------------------------------------
     0 | D:1      | letownia2 the Gargoyle Fighter began the quest for the Orb.
     0 | D:1      | Reached XP level 1. HP: 14/14 MP: 1/1
   135 | D:1      | Reached XP level 2. HP: 15/19 MP: 2/2
   177 | D:1      | Reached skill level 3 in Unarmed Combat
   400 | D:2      | Reached XP level 3. HP: 18/23 MP: 3/3
   402 | D:2      | Found a snail-covered altar of Cheibriados.
   438 | D:2      | Found a faded altar of an unknown god.
   711 | D:3      | Found a hazy altar of Hepliaklqana.
   815 | D:4      | Reached skill level 4 in Unarmed Combat
   815 | D:4      | Reached XP level 4. HP: 27/28 MP: 4/4
   847 | D:4      | Found a white marble altar of Elyvilon.
   995 | D:4      | Found Cytten's Assorted Antiques.
  1017 | D:4      | Reached skill level 5 in Unarmed Combat
  1022 | D:4      | Found a shattered altar of Ashenzari.
  1071 | D:4      | Reached XP level 5. HP: 28/32 MP: 5/5
  1104 | D:4      | Found a snail-covered altar of Cheibriados.
  1854 | D:5      | Entered Level 5 of the Dungeon
  1874 | D:5      | Found a glowing golden altar of the Shining One.
  1941 | D:5      | Reached skill level 6 in Unarmed Combat
  1941 | D:5      | Reached XP level 6. HP: 26/37 MP: 6/6
  1977 | D:5      | Noticed a sky beast
  2013 | D:5      | Killed a sky beast
  2160 | D:5      | Reached skill level 7 in Unarmed Combat
  2207 | D:5      | Noticed a phantom
  2275 | D:5      | Reached XP level 7. HP: 20/41 MP: 7/7
  2785 | D:5      | Found Baisibb's Book Emporium.
  2992 | D:5      | Noticed Ijyb
  3012 | D:5      | Killed Ijyb
  3347 | D:6      | Noticed Grinder
  3437 | D:6      | Reached skill level 8 in Unarmed Combat
  3557 | D:6      | Noticed Blork the orc
  3574 | D:6      | Killed Blork the orc
  3574 | D:6      | Reached XP level 8. HP: 41/48 MP: 8/8
  3602 | D:6      | Reached skill level 5 in Fighting
  3768 | D:6      | You fall through a shaft!
  4233 | D:6      | Reached skill level 9 in Unarmed Combat
  4365 | D:7      | Noticed Duvessa
  4365 | D:7      | Noticed Dowan
  4559 | D:7      | Found a staircase to the Ecumenical Temple.
  4568 | Temple   | Entered the Ecumenical Temple
  4622 | Temple   | Quit the game

Skill      XL: |  1  2  3  4  5  6  7  8 |
---------------+-------------------------+-----
Unarmed Combat | 3 4 5 6 7 8 9 |  9.0
Shields        | 4 |  4.3
Fighting       | 4 6 |  6.4
Armour         | |  3.5
Dodging        | |  0.5
Spellcasting   | |  0.7

Action                   |  1- 3 |  4- 6 |  7- 9 || total
-------------------------+-------+-------+-------++-------
Melee: Unarmed           |   154 |   174 |   303 ||   631
       Punch             |     2 |       |       ||     2
  Use: Potion            |       |     1 |       ||     1
  Eat: Chunk             |       |     5 |     8 ||    13
Armor: Scale mail        |   100 |    80 |   114 ||   294
Dodge: Dodged            |    85 |    60 |   103 ||   248
Block: Shield            |     2 |       |       ||     2
       Buckler           |       |     2 |    68 ||    70
